[ AOE2 MATCH · #495782358 ]
UnrankedSpanish vs Vietnamese
Player's team · WIN
Rival team · LOSS
[ REPLAY ANALYSIS · EXTRACTED FROM THE RECORDED GAME ]
Feudal
10:33
Castle
22:30
Imperial
34:08
| APM avg | 53.3 |
| APM peak | 121 |
| eAPM avg | 32.4 |
| Villagers / military | 162 / 114 |
Focus
⚔️ 34.4% · 🌾 65.6%
Knight ×55 · Conquistador ×30 · Scout Cavalry ×12 · Trebuchet (Packed) ×7 · Fishing Ship ×6 · Monk ×3
Feudal
10:04
Castle
15:40
Imperial
37:08
| APM avg | 47.0 |
| APM peak | 101 |
| eAPM avg | 22.0 |
| Villagers / military | 118 / 138 |
Focus
⚔️ 22.0% · 🌾 78.0%
Archer ×98 · Rattan Archer ×25 · Fire Lancer ×9 · Fishing Ship ×8 · Galley ×3 · Unknown (2626) ×3
Match map
Initial resources + every placement click. Lines = walls · curves = elevation contours. ◆ gold · ⬟ stone · ● berries · ✦ relic · ◌ wall gap
Your base· Open — unwalled flank
Alex's base· Open — unwalled flank
Smoothed initial terrain · ◌ = detected wall gap · hover for details
Inputs per minute
— 115slayer - - Alex
Build order — 115slayer
First 150 of 475 actions detected
| 0:00 | Queue | Villager (Male) |
| 0:01 | Queue | Villager (Male) |
| 0:02 | Build | House |
| 0:03 | Build | House |
| 0:17 | Queue | Villager (Male) |
| 0:18 | Queue | Villager (Male) |
| 0:18 | Queue | Villager (Male) |
| 1:28 | Queue | Villager (Male) |
| 1:28 | Queue | Villager (Male) |
| 1:44 | Build | Lumber Camp |
| 1:48 | Queue | Villager (Male) |
| 1:48 | Queue | Villager (Male) |
| 2:24 | Queue | Villager (Male) |
| 2:24 | Queue | Villager (Male) |
| 2:28 | Queue | Villager (Male) |
| 2:28 | Queue | Villager (Male) |
| 2:59 | Queue | Villager (Male) |
| 2:59 | Queue | Villager (Male) |
| 3:39 | Queue | Villager (Male) |
| 3:39 | Queue | Villager (Male) |
| 4:10 | Build | House |
| 4:37 | Queue | Villager (Male) |
| 4:37 | Queue | Villager (Male) |
| 4:41 | Build | Dock |
| 4:55 | Build | Palisade Wall |
| 5:20 | Queue | Villager (Male) |
| 5:20 | Queue | Villager (Male) |
| 5:21 | Queue | Villager (Male) |
| 5:21 | Queue | Villager (Male) |
| 5:43 | Queue | Villager (Male) |
| 5:43 | Queue | Villager (Male) |
| 5:44 | Queue | Fishing Ship |
| 6:09 | Queue | Fishing Ship |
| 6:13 | Queue | Villager (Male) |
| 6:18 | Queue | Villager (Male) |
| 6:18 | Queue | Villager (Male) |
| 6:28 | Queue | Fishing Ship |
| 6:39 | Build | House |
| 6:43 | Research | Loom |
| 6:43 | Research | Loom |
| 7:03 | Queue | Villager (Male) |
| 7:07 | Queue | Fishing Ship |
| 7:18 | Queue | Villager (Male) |
| 7:32 | Build | House |
| 7:43 | Build | Mill |
| 7:46 | Queue | Villager (Male) |
| 8:23 | Research | Feudal Age |
| 8:31 | Build | Mining Camp |
| 9:21 | Queue | Fishing Ship |
| 9:49 | Queue | Villager (Male) |
| 9:51 | Build | Barracks |
| 10:33 | Age | Feudal Age |
| 10:35 | Build | House |
| 10:36 | Research | Double-Bit Axe |
| 10:38 | Build | House |
| 10:44 | Queue | Villager (Male) |
| 10:52 | Queue | Spearman |
| 11:00 | Build | Stable |
| 11:04 | Queue | Villager (Male) |
| 11:20 | Queue | Villager (Male) |
| 11:30 | Build | Dock |
| 11:51 | Build | Palisade Wall |
| 11:54 | Build | Palisade Wall |
| 11:55 | Build | Palisade Wall |
| 12:00 | Build | Palisade Wall |
| 12:01 | Build | Palisade Wall |
| 12:03 | Queue | Unit 2626 |
| 12:15 | Queue | Villager (Male) |
| 12:15 | Queue | Villager (Male) |
| 12:17 | Queue | Scout Cavalry |
| 12:21 | Build | House |
| 12:25 | Build | House |
| 12:27 | Build | House |
| 12:36 | Build | Blacksmith |
| 12:40 | Research | Bloodlines |
| 12:59 | Queue | Unit 2626 |
| 13:00 | Queue | Villager (Male) |
| 13:00 | Queue | Villager (Male) |
| 13:04 | Queue | Villager (Male) |
| 13:15 | Queue | Villager (Male) |
| 13:32 | Queue | Scout Cavalry |
| 13:34 | Research | Scale Barding Armor |
| 13:35 | Queue | Villager (Male) |
| 13:48 | Queue | Villager (Male) |
| 13:52 | Build | Farm |
| 13:52 | Build | Farm |
| 13:52 | Build | Farm |
| 13:52 | Build | Farm |
| 13:52 | Build | Farm |
| 14:15 | Build | Farm |
| 14:16 | Queue | Villager (Male) |
| 14:25 | Build | House |
| 14:28 | Build | House |
| 14:32 | Research | Wheelbarrow |
| 14:32 | Research | Wheelbarrow |
| 14:51 | Queue | Scout Cavalry |
| 15:01 | Queue | Villager (Male) |
| 15:02 | Queue | Scout Cavalry |
| 15:19 | Queue | Villager (Male) |
| 15:24 | Queue | Scout Cavalry |
| 15:39 | Queue | Spearman |
| 15:41 | Queue | Scout Cavalry |
| 16:06 | Queue | Villager (Male) |
| 16:17 | Queue | Villager (Male) |
| 16:24 | Queue | Villager (Male) |
| 16:38 | Queue | Villager (Male) |
| 16:51 | Queue | Scout Cavalry |
| 16:58 | Build | Farm |
| 16:58 | Build | Farm |
| 16:59 | Build | Farm |
| 16:59 | Build | Farm |
| 16:59 | Build | Farm |
| 16:59 | Build | Farm |
| 17:00 | Build | Farm |
| 17:01 | Queue | Villager (Male) |
| 17:31 | Queue | Villager (Male) |
| 17:32 | Queue | Scout Cavalry |
| 17:32 | Queue | Scout Cavalry |
| 17:37 | Queue | Villager (Male) |
| 18:05 | Queue | Fire Galley |
| 18:05 | Queue | Fire Galley |
| 18:15 | Build | Farm |
| 18:16 | Build | Farm |
| 18:16 | Build | Farm |
| 18:16 | Build | Farm |
| 18:16 | Build | Farm |
| 18:16 | Build | Farm |
| 18:17 | Build | Farm |
| 18:19 | Build | Farm |
| 18:19 | Build | Farm |
| 18:36 | Queue | Scout Cavalry |
| 18:39 | Build | House |
| 18:41 | Build | House |
| 19:03 | Queue | Villager (Male) |
| 19:14 | Queue | Villager (Male) |
| 19:37 | Build | Market |
| 19:47 | Queue | Fire Galley |
| 19:50 | Research | Castle Age |
| 20:00 | Build | Dock |
| 20:08 | Queue | Scout Cavalry |
| 20:09 | Research | Forging |
| 20:14 | Build | Farm |
| 20:31 | Queue | Scout Cavalry |
| 20:54 | Build | House |
| 22:11 | Queue | Villager (Male) |
| 22:12 | Queue | Villager (Male) |
| 22:30 | Age | Castle Age |
| 22:34 | Queue | Knight |
| 22:34 | Queue | Knight |
| 22:42 | Build | Town Center |
Build order — Alex
First 150 of 305 actions detected
| 0:01 | Queue | Villager (Male) |
| 0:01 | Queue | Villager (Male) |
| 0:02 | Build | House |
| 0:04 | Build | House |
| 0:12 | Queue | Villager (Male) |
| 0:12 | Queue | Villager (Male) |
| 1:23 | Queue | Villager (Male) |
| 1:59 | Queue | Villager (Male) |
| 2:07 | Build | Lumber Camp |
| 2:36 | Queue | Villager (Male) |
| 2:36 | Queue | Villager (Male) |
| 2:49 | Queue | Villager (Male) |
| 3:18 | Build | House |
| 3:41 | Queue | Villager (Male) |
| 4:12 | Queue | Villager (Male) |
| 4:12 | Queue | Villager (Male) |
| 4:50 | Build | Dock |
| 5:17 | Queue | Villager (Male) |
| 5:18 | Queue | Villager (Male) |
| 5:18 | Queue | Villager (Male) |
| 5:18 | Queue | Villager (Male) |
| 5:38 | Queue | Fishing Ship |
| 5:41 | Build | House |
| 6:33 | Research | Loom |
| 6:36 | Build | Palisade Wall |
| 6:39 | Build | Palisade Wall |
| 6:41 | Build | Palisade Wall |
| 6:46 | Queue | Villager (Male) |
| 6:51 | Queue | Fishing Ship |
| 7:06 | Queue | Villager (Male) |
| 7:54 | Research | Feudal Age |
| 8:00 | Build | Mining Camp |
| 8:16 | Build | House |
| 8:35 | Queue | Villager (Male) |
| 8:56 | Build | Palisade Wall |
| 9:18 | Build | Mill |
| 9:28 | Queue | Villager (Male) |
| 9:33 | Build | House |
| 10:04 | Age | Feudal Age |
| 10:16 | Build | Barracks |
| 10:20 | Queue | Fishing Ship |
| 10:38 | Research | Double-Bit Axe |
| 10:41 | Queue | Villager (Male) |
| 11:10 | Build | Blacksmith |
| 11:13 | Queue | Villager (Male) |
| 11:39 | Queue | Villager (Male) |
| 11:59 | Build | Archery Range |
| 12:08 | Queue | Villager (Male) |
| 12:20 | Queue | Fishing Ship |
| 12:54 | Queue | Galley |
| 13:00 | Research | Castle Age |
| 13:38 | Queue | Spearman |
| 13:53 | Queue | Galley |
| 14:05 | Queue | Archer |
| 14:05 | Queue | Archer |
| 14:10 | Build | House |
| 14:35 | Build | House |
| 14:39 | Queue | Galley |
| 15:04 | Queue | Villager (Male) |
| 15:04 | Queue | Villager (Male) |
| 15:13 | Research | Fletching |
| 15:16 | Queue | Skirmisher |
| 15:40 | Age | Castle Age |
| 15:52 | Build | Town Center |
| 16:29 | Queue | Villager (Male) |
| 16:30 | Queue | Villager (Male) |
| 16:41 | Research | Bodkin Arrow |
| 17:02 | Build | Farm |
| 17:03 | Build | Farm |
| 17:03 | Build | Farm |
| 17:03 | Build | Farm |
| 17:32 | Queue | Fishing Ship |
| 17:32 | Queue | Fishing Ship |
| 17:56 | Build | Farm |
| 17:59 | Build | Farm |
| 17:59 | Build | Farm |
| 18:11 | Build | Farm |
| 18:15 | Queue | Archer ×2 |
| 18:29 | Queue | Villager (Male) |
| 18:29 | Queue | Villager (Male) |
| 18:32 | Build | Farm |
| 18:42 | Build | Farm |
| 19:19 | Queue | Villager (Male) |
| 19:19 | Queue | Villager (Male) |
| 19:23 | Queue | Villager (Male) |
| 19:23 | Queue | Villager (Male) |
| 19:51 | Queue | Villager (Male) |
| 19:51 | Queue | Villager (Male) |
| 19:54 | Build | Farm |
| 19:56 | Queue | Archer |
| 19:57 | Queue | Archer |
| 20:14 | Research | Crossbowman (upgrade) |
| 20:20 | Build | Farm |
| 20:35 | Queue | Villager (Male) |
| 20:52 | Queue | Unit 2626 |
| 21:07 | Queue | Villager (Male) |
| 21:07 | Queue | Villager (Male) |
| 21:08 | Queue | Villager (Male) |
| 21:08 | Queue | Villager (Male) |
| 21:27 | Queue | Villager (Male) |
| 21:27 | Queue | Villager (Male) |
| 21:32 | Build | House |
| 21:34 | Build | House |
| 21:37 | Build | Palisade Wall |
| 22:00 | Queue | Unit 2626 |
| 22:01 | Queue | Villager (Male) |
| 22:04 | Build | House |
| 22:12 | Build | Town Center |
| 22:18 | Queue | Villager (Male) |
| 22:18 | Queue | Villager (Male) |
| 22:32 | Queue | Archer ×5 |
| 23:07 | Queue | Archer ×2 |
| 23:08 | Queue | Villager (Male) |
| 23:19 | Build | House |
| 23:20 | Build | Palisade Wall |
| 23:29 | Build | Farm |
| 23:31 | Queue | Fire Lancer |
| 23:36 | Build | Palisade Wall |
| 23:37 | Build | Palisade Wall |
| 23:39 | Build | Palisade Wall |
| 23:50 | Queue | Unit 2626 |
| 24:09 | Queue | Villager (Male) |
| 24:09 | Queue | Villager (Male) |
| 24:09 | Queue | Villager (Male) |
| 24:22 | Queue | Fire Lancer |
| 24:23 | Queue | Villager (Male) |
| 24:24 | Queue | Villager (Male) |
| 24:34 | Build | Mining Camp |
| 24:50 | Build | Farm |
| 25:04 | Queue | Archer |
| 25:05 | Queue | Villager (Male) |
| 25:08 | Build | Monastery |
| 25:13 | Build | Farm |
| 25:13 | Queue | Villager (Male) |
| 25:13 | Queue | Villager (Male) |
| 25:14 | Queue | Villager (Male) |
| 25:16 | Build | House |
| 25:22 | Build | House |
| 25:43 | Queue | Villager (Male) |
| 25:49 | Build | House |
| 25:50 | Build | House |
| 25:58 | Queue | Villager (Male) |
| 25:58 | Queue | Villager (Male) |
| 26:02 | Queue | Monk |
| 26:07 | Build | House |
| 26:08 | Build | House |
| 26:12 | Research | Bow Saw |
| 26:18 | Build | Farm |
| 26:23 | Queue | Villager (Male) |
| 26:33 | Build | Palisade Wall |
Match timeline
| 4:41 | 115slayer · first_building Dock |
| 4:50 | Alex · first_building Dock |
| 4:55 | 115slayer · wall_segment Palisade Wall x1 |
| 6:36 | Alex · wall_segment Palisade Wall x1 |
| 6:39 | Alex · wall_segment Palisade Wall x1 |
| 6:41 | Alex · wall_segment Palisade Wall x1 |
| 8:56 | Alex · wall_segment Palisade Wall x1 |
| 9:51 | 115slayer · first_building Barracks |
| 10:04 | Alex · age_up feudal |
| 10:16 | Alex · first_building Barracks |
| 10:33 | 115slayer · age_up feudal |
| 11:00 | 115slayer · first_building Stable |
| 11:51 | 115slayer · wall_segment Palisade Wall x1 |
| 11:54 | 115slayer · wall_segment Palisade Wall x1 |
| 11:55 | 115slayer · wall_segment Palisade Wall x1 |
| 11:59 | Alex · first_building Archery Range |
| 12:00 | 115slayer · wall_segment Palisade Wall x1 |
| 12:01 | 115slayer · wall_segment Palisade Wall x1 |
| 15:40 | Alex · age_up castle |
| 21:37 | Alex · wall_segment Palisade Wall x1 |
| 22:30 | 115slayer · age_up castle |
| 23:01 | 115slayer · first_market_buy 100 wood |
| 23:19 | 115slayer · first_market_sell 500 food |
| 23:20 | Alex · wall_segment Palisade Wall x1 |
| 23:36 | Alex · wall_segment Palisade Wall x1 |
| 23:37 | Alex · wall_segment Palisade Wall x1 |
| 23:39 | Alex · wall_segment Palisade Wall x1 |
| 25:08 | Alex · first_building Monastery |
| 26:33 | Alex · wall_segment Palisade Wall x1 |
| 26:49 | Alex · wall_segment Palisade Wall x1 |
| 26:51 | Alex · wall_segment Palisade Wall x1 |
| 26:53 | Alex · wall_segment Palisade Wall x1 |
| 28:35 | 115slayer · first_building Castle |
| 28:48 | Alex · wall_segment Palisade Wall x1 |
| 31:31 | Alex · wall_segment Palisade Wall x1 |
| 31:53 | 115slayer · first_building Monastery |
| 32:20 | Alex · first_building Castle |
| 33:51 | Alex · wall_segment Palisade Wall x5 |
| 34:08 | 115slayer · age_up imperial |
| 35:18 | Alex · first_building Siege Workshop |
| 37:08 | Alex · age_up imperial |
| 42:27 | Alex · resign |
[ AI ANALYSIS · 1 CREDIT ]
What really happened in this match?
Wolo.gg analyzes every decision: build order, eco, micro, common mistakes by bracket. Personalized analysis on WhatsApp or Discord in 30 seconds.
Civ guide
Spanish
Perfil
115slayer